[Event "December 12 Early 2023"]
[Site "https://www.chess.com"]
[Date "2023.12.12"]
[Round "1"]
[White "Mazurkiewicz, Michal"]
[Black "Kushagra Mohan"]
[Result "0-1"]
[Board "70"]
[TimeControl "180+1"]
[WhiteFideId "1124943"]
[BlackFideId "25033638"]
[WhiteElo "2457"]
[BlackElo "2810"]
[WhiteTeam "POL"]
[BlackTeam "IND"]
[WhiteClock "0:00:15"]
[BlackClock "0:02:14"]

1. e4 e5 2. Nf3 Nc6 3. Bb5 a6 4. Bxc6 dxc6 5. O-O Qf6 6. d4 exd4 7. e5 Qg6 8. Qxd4 Bd7 9. Nc3 O-O-O 10. Qh4 Be7 11. Bg5 f6 12. exf6 Nxf6 13. Ne5 Qxc2 14. Nf7 Qxb2 15. Nxh8 Qxc3 16. Nf7 Rf8 17. Rfc1 Qa5 18. Rab1 Rxf7 19. Bxf6 Bxf6 20. Qxh7 Rf8 21. Qe4 Bf5 22. Qb4 Qxb4 23. Rxb4 Re8 24. g4 Bd7 25. f4 Bxg4 26. Kf2 Bh4+ 27. Kf1 Bh3+ 28. Kg1 Re2 29. f5 Bf2+ 30. Kh1 Bc5 31. Rxc5 Re1# 0-1

[Event "December 12 Early 2023"]
[Site "https://www.chess.com"]
[Date "2023.12.12"]
[Round "1"]
[White "Korchmar, Vasiliy"]
[Black "Grunberg, Mihai-Lucian"]
[Result "0-1"]
[Board "71"]
[TimeControl "180+1"]
[WhiteFideId "24131750"]
[BlackFideId "1204149"]
[WhiteElo "2807"]
[BlackElo "2454"]
[WhiteTeam "RUS"]
[BlackTeam "ROU"]
[WhiteClock "0:00:00"]
[BlackClock "0:00:21"]

1. e4 Nf6 2. e5 Nd5 3. d4 d6 4. Nf3 dxe5 5. Nxe5 c6 6. Bd3 Nd7 7. Nf3 N7f6 8. h3 Nb4 9. Bc4 Bf5 10. Bb3 a5 11. a4 e6 12. O-O Be7 13. Bg5 O-O 14. c3 Nbd5 15. Nbd2 Ne4 16. Bxe7 Qxe7 17. Nxe4 Bxe4 18. Re1 Bxf3 19. Qxf3 Rfd8 20. Re5 Qc7 21. Rae1 Qb6 22. Qd1 c5 23. dxc5 Qc6 24. Bxd5 exd5 25. Qd4 h6 26. Re7 Rac8 27. b4 Rd7 28. Re8+ Rxe8 29. Rxe8+ Kh7 30. Qd3+ Qg6 31. Qxg6+ Kxg6 32. Kf1 d4 33. cxd4 Rxd4 34. b5 Rxa4 35. Ra8 Rc4 36. c6 bxc6 37. Ra6 Kf5 38. bxc6 a4 39. g4+ Ke6 40. Ke2 Kd6 41. c7+ Kxc7 42. Ra7+ Kb6 43. Rxf7 a3 44. Rf3 Ra4 45. Rb3+ Kc5 46. Rb1 a2 47. Ra1 Kc4 48. Kd2 Kb3 49. Kc1 Rc4+ 50. Kd2 Kb2 0-1

[Event "December 12 Early 2023"]
[Site "https://www.chess.com"]
[Date "2023.12.12"]
[Round "1"]
[White "Mizzi, Jack"]
[Black "Dragnev, Valentin"]
[Result "0-1"]
[Board "72"]
[TimeControl "180+1"]
[WhiteFideId "5602521"]
[BlackFideId "1634852"]
[WhiteElo "2451"]
[BlackElo "2804"]
[WhiteTeam "MLT"]
[BlackTeam "AUT"]
[WhiteClock "0:00:17"]
[BlackClock "0:00:50"]

1. d4 d5 2. c4 c6 3. Nf3 Nf6 4. Nbd2 Bf5 5. Nh4 Be4 6. e3 e6 7. Be2 h6 8. Qb3 Qc7 9. h3 Bh7 10. Nhf3 Be7 11. Ne5 Nbd7 12. f4 Nxe5 13. fxe5 Ne4 14. Nxe4 Bxe4 15. Bf3 Bh4+ 16. Ke2 Bh7 17. cxd5 exd5 18. Bd2 O-O 19. Rac1 Qd7 20. Rhf1 f6 21. Bg4 f5 22. Bf3 Kh8 23. Bb4 Be7 24. g4 f4 25. Qa3 Bxb4 26. Qxb4 fxe3 27. Qc3 Qe7 28. Qxe3 Qb4 29. b3 Qb5+ 30. Kd2 Qa5+ 31. Qc3 Qxa2+ 32. Ke3 Qh2 33. Rh1 Rxf3+ 34. Kxf3 Rf8+ 35. Ke3 Qf2# 0-1

[Event "December 12 Early 2023"]
[Site "https://www.chess.com"]
[Date "2023.12.12"]
[Round "1"]
[White "Khripachenko, Alexander"]
[Black "Bolat, Inayat"]
[Result "1-0"]
[Board "73"]
[TimeControl "180+1"]
[WhiteFideId "54184975"]
[BlackFideId "13733125"]
[WhiteElo "2802"]
[BlackElo "2451"]
[WhiteTeam "FID"]
[BlackTeam "KAZ"]
[WhiteClock "0:00:17"]
[BlackClock "0:00:00"]

1. e4 e5 2. Nf3 Nc6 3. Bb5 a6 4. Ba4 d6 5. c3 Bd7 6. d4 g6 7. O-O Bg7 8. Re1 Nf6 9. Bxc6 Bxc6 10. dxe5 Nxe4 11. exd6 Qxd6 12. Qxd6 cxd6 13. Nbd2 d5 14. Nb3 O-O 15. Nfd4 a5 16. f3 Nd6 17. a4 Nc4 18. Kf2 Rfe8 19. Rxe8+ Rxe8 20. Nc5 b6 21. Nd3 Bd7 22. b3 Nd6 23. Be3 Nf5 24. Re1 h5 25. Nf4 Bxd4 26. Bxd4 Rxe1 27. Kxe1 Nxd4 28. cxd4 Bc6 29. Kd2 Kg7 30. Nd3 Kf6 31. Ke3 Kf5 32. h4 f6 33. Nf4 Bb7 34. Ne2 Bc6 35. Ng3+ Ke6 36. Ne2 b5 37. axb5 Bxb5 38. Nf4+ Kf5 39. Nxd5 a4 40. Nc3 1-0

[Event "December 12 Early 2023"]
[Site "https://www.chess.com"]
[Date "2023.12.12"]
[Round "1"]
[White "Khromkin, Andrey"]
[Black "Dragun, Kamil"]
[Result "0-1"]
[Board "74"]
[TimeControl "180+1"]
[WhiteFideId "4154126"]
[BlackFideId "1134167"]
[WhiteElo "2451"]
[BlackElo "2798"]
[WhiteTeam "RUS"]
[BlackTeam "POL"]
[WhiteClock "0:00:57"]
[BlackClock "0:01:35"]

1. d4 d5 2. c4 c6 3. Nf3 Nf6 4. Nc3 e6 5. cxd5 exd5 6. Bg5 Nbd7 7. Qc2 h6 8. Bh4 g5 9. Bg3 Nh5 10. e3 Nxg3 11. hxg3 Bg7 12. Bd3 Nb6 13. O-O-O Be6 14. Kb1 Qe7 15. Na4 O-O-O 16. Nc5 Kb8 17. Nd2 Bc8 18. Ndb3 Nd7 19. Rc1 Nxc5 20. Nxc5 h5 21. Ka1 h4 22. gxh4 Rxh4 23. Rhg1 Qf6 24. b4 Rxd4 25. exd4 Qxd4+ 26. Qc3 Qxc3+ 27. Rxc3 Bxc3+ 28. Kb1 Bxb4 0-1

[Event "December 12 Early 2023"]
[Site "https://www.chess.com"]
[Date "2023.12.12"]
[Round "1"]
[White "Lysyj, Igor"]
[Black "JG-17"]
[Result "1-0"]
[Board "75"]
[TimeControl "180+1"]
[WhiteFideId "4150120"]
[WhiteElo "2792"]
[BlackElo "2448"]
[WhiteTeam "FID"]
[WhiteClock "0:00:20"]
[BlackClock "0:00:09"]

1. d4 d5 2. c4 e6 3. Nc3 c6 4. e3 Nf6 5. Nf3 Nbd7 6. Qc2 Bd6 7. b3 O-O 8. Be2 e5 9. cxd5 cxd5 10. Nb5 Bb8 11. Ba3 Re8 12. O-O e4 13. Nd2 Nb6 14. Rfc1 Bd7 15. Nc7 Bxc7 16. Qxc7 Qxc7 17. Rxc7 Bc6 18. Bc5 Re6 19. Rc1 Nbd7 20. f3 exf3 21. Bxf3 Ne8 22. Rxd7 Bxd7 23. Bxd5 Rxe3 24. Nc4 Re2 25. Ne5 Be6 26. Bxb7 Rd8 27. Bf3 Rxa2 28. d5 Bxd5 29. Rd1 Nf6 30. Nc6 Rd7 31. Ne7+ Rxe7 32. Bxe7 Ne4 33. Bxe4 1-0

[Event "December 12 Early 2023"]
[Site "https://www.chess.com"]
[Date "2023.12.12"]
[Round "1"]
[White "Liu, Casper"]
[Black "Javakhadze, Zurab"]
[Result "1-0"]
[Board "76"]
[TimeControl "180+1"]
[WhiteFideId "1454153"]
[BlackFideId "13603647"]
[WhiteElo "2447"]
[BlackElo "2792"]
[WhiteTeam "DEN"]
[BlackTeam "GEO"]
[WhiteClock "0:00:01"]
[BlackClock "0:00:00"]

1. f4 d5 2. Nf3 Nf6 3. e3 g6 4. g3 Bg7 5. Bg2 O-O 6. O-O c5 7. d3 Nc6 8. Nc3 Re8 9. Ne5 Qd6 10. d4 cxd4 11. exd4 Bf5 12. Be3 Rac8 13. Rc1 h5 14. Qe2 a6 15. Na4 Be4 16. Nc5 Bxg2 17. Kxg2 b6 18. Nxa6 Ne4 19. a3 e6 20. Nxc6 Rxc6 21. Nb4 Rc7 22. Qb5 Rec8 23. c3 f6 24. Rcd1 h4 25. g4 Rc4 26. f5 gxf5 27. gxf5 Rd8 28. Bf4 Qe7 29. Qxb6 exf5 30. Nc6 Rxc6 31. Qxc6 Qf7 32. Kh1 h3 33. Be3 Kh7 34. Rf3 Qh5 35. Rdf1 Qg4 36. Rxh3+ 1-0

[Event "December 12 Early 2023"]
[Site "https://www.chess.com"]
[Date "2023.12.12"]
[Round "1"]
[White "Wagh Suyog"]
[Black "Bogaudinov, Rushan"]
[Result "1-0"]
[Board "77"]
[TimeControl "180+1"]
[WhiteFideId "25071688"]
[BlackFideId "4129288"]
[WhiteElo "2788"]
[BlackElo "2447"]
[WhiteTeam "IND"]
[BlackTeam "RUS"]
[WhiteClock "0:00:53"]
[BlackClock "0:00:00"]

1. e4 e6 2. d4 a6 3. Nc3 b5 4. Nf3 Bb7 5. Bd3 c5 6. dxc5 Bxc5 7. O-O Ne7 8. a4 b4 9. Ne2 O-O 10. Ng3 Nbc6 11. Qe2 Ng6 12. Be3 Qb6 13. Bxc5 Qxc5 14. Qd2 Rac8 15. Kh1 Nce5 16. Nxe5 Nxe5 17. f4 Nxd3 18. cxd3 a5 19. f5 f6 20. Rac1 Qd4 21. Ne2 Qe5 22. fxe6 dxe6 23. b3 h5 24. Qe3 Qb2 25. Rb1 Qe5 26. Nf4 Rc2 27. Ng6 Qc3 28. Nxf8 Kxf8 29. h3 Ba6 30. e5 f5 31. Rbc1 Bb7 32. Rxc2 Qxc2 33. Rf2 Qxb3 34. Qc5+ Kg8 35. Qxa5 Qxd3 36. Qxb4 1-0

[Event "December 12 Early 2023"]
[Site "https://www.chess.com"]
[Date "2023.12.12"]
[Round "1"]
[White "Dilmukhametov, Artur"]
[Black "Alexandre, Anne Shopie Elizabeth"]
[Result "0-1"]
[Board "78"]
[TimeControl "180+1"]
[WhiteFideId "24179922"]
[BlackFideId "11902418"]
[WhiteElo "2444"]
[BlackElo "2785"]
[WhiteTeam "RUS"]
[BlackTeam "HAI"]
[WhiteClock "0:00:00"]
[BlackClock "0:01:30"]

1. e4 c5 2. d4 cxd4 3. c3 d3 4. Nf3 Nc6 5. Bxd3 g6 6. O-O Bg7 7. Be3 Nf6 8. h3 O-O 9. Nbd2 d6 10. Re1 b6 11. Nf1 Bb7 12. Ng3 Rc8 13. Qd2 Nd7 14. Bh6 Nce5 15. Bxg7 Nxf3+ 16. gxf3 Kxg7 17. f4 Nc5 18. Bc2 e6 19. Rad1 d5 20. e5 Qh4 21. Kh2 Rfd8 22. Qe3 Ne4 23. Rg1 Kf8 24. Rd4 Qe7 25. Rgd1 Nc5 26. f5 exf5 27. Qh6+ Ke8 28. Qxh7 Ne6 29. Ba4+ Bc6 30. Bxc6+ Rxc6 31. Rxd5 Rxd5 32. Rxd5 Rc5 33. Qh8+ Nf8 34. Rxc5 Qxc5 0-1

[Event "December 12 Early 2023"]
[Site "https://www.chess.com"]
[Date "2023.12.12"]
[Round "1"]
[White "Tatarinov, Dmitry"]
[Black "Filipovic, Slobodan J"]
[Result "1-0"]
[Board "79"]
[TimeControl "180+1"]
[WhiteFideId "24160067"]
[BlackFideId "939633"]
[WhiteElo "2782"]
[BlackElo "2444"]
[WhiteTeam "RUS"]
[BlackTeam "SRB"]
[WhiteClock "0:02:18"]
[BlackClock "0:00:00"]

1. Nf3 c5 2. g3 Nc6 3. Bg2 g6 4. O-O Bg7 5. c3 e5 6. d3 Nge7 7. e4 O-O 8. Nbd2 d6 9. a3 h6 10. b4 a6 11. Bb2 cxb4 12. axb4 d5 13. exd5 Nxd5 14. Re1 Re8 15. b5 Nb8 16. c4 Nb4 17. Nxe5 Nxd3 18. Nxd3 Rxe1+ 19. Qxe1 Qxd3 20. Qe8+ Kh7 21. Bxg7 Kxg7 22. Qxc8 Qd4 23. Nb3 Qb2 24. Qxb7 Qxb3 25. Qxa8 Qb2 26. Rxa6 Nxa6 27. bxa6 Qb1+ 28. Bf1 Qe4 29. Qxe4 1-0

[Event "December 12 Early 2023"]
[Site "https://www.chess.com"]
[Date "2023.12.12"]
[Round "1"]
[White "Lopez Idarraga, Daniel Eduardo"]
[Black "Shuvalova, Polina"]
[Result "1-0"]
[Board "80"]
[TimeControl "180+1"]
[WhiteFideId "4405501"]
[BlackFideId "24171760"]
[WhiteElo "2440"]
[BlackElo "2781"]
[WhiteTeam "COL"]
[BlackTeam "RUS"]
[WhiteClock "0:00:50"]
[BlackClock "0:00:13"]

1. e4 c6 2. d4 d5 3. exd5 cxd5 4. c4 Nf6 5. Nc3 e6 6. Nf3 Bb4 7. Bg5 O-O 8. Rc1 h6 9. Bh4 b6 10. a3 Bxc3+ 11. bxc3 Bb7 12. Be2 Nbd7 13. O-O dxc4 14. Bxc4 Rc8 15. Bd3 Re8 16. Re1 Qe7 17. Ne5 Qxa3 18. Ra1 Qxc3 19. Rxa7 Rc7 20. Bg3 Nxe5 21. Bxe5 Rce7 22. Bxf6 gxf6 23. Re3 Qc6 24. Rg3+ Kf8 25. Qd2 Rc7 26. Qxh6+ Ke7 27. Bf1 Ba8 28. d5 exd5 29. Re3+ Kd7 30. Rxe8 Rxa7 31. Qf8 Qc5 32. Qxf7+ Kc6 33. Rc8+ Kd6 34. Qxf6+ Kd7 35. Rxc5 bxc5 36. Bb5+ Kc7 37. h4 Bb7 38. h5 c4 39. h6 Ra5 40. Qe7+ Kb6 41. Be8 Rc5 42. h7 c3 43. h8=Q c2 44. Qxc5+ Kxc5 45. Qc3+ Kd6 46. Qxc2 Bc6 47. Bxc6 Ke5 48. Bxd5 Kxd5 49. Qe2 Kd4 50. f4 Kc5 51. f5 Kd6 52. f6 Kd7 53. f7 Kc7 54. f8=Q Kb6 55. g4 Kc6 56. g5 Kd5 57. g6 Kd4 58. g7 Kd5 59. Qff1 Kc6 60. g8=Q Kd7 61. Qd5+ Kc7 62. Qc1+ Kb8 63. Qeb2+ Ka7 64. Qda2# 1-0

[Event "December 12 Early 2023"]
[Site "https://www.chess.com"]
[Date "2023.12.12"]
[Round "1"]
[White "Bardyk, Artem"]
[Black "Lopusiewicz, Piotr"]
[Result "1/2-1/2"]
[Board "81"]
[TimeControl "180+1"]
[WhiteFideId "34349979"]
[BlackFideId "1116029"]
[WhiteElo "2778"]
[BlackElo "2439"]
[WhiteTeam "RUS"]
[BlackTeam "POL"]
[WhiteClock "0:00:03"]
[BlackClock "0:00:11"]

1. e4 e5 2. d4 exd4 3. Qxd4 Nc6 4. Qd3 Nf6 5. Nc3 Bb4 6. Bd2 O-O 7. Nge2 Re8 8. O-O-O d6 9. Bg5 h6 10. Bxf6 Qxf6 11. Nd5 Qd8 12. Nxb4 Nxb4 13. Qd2 Nc6 14. Nc3 a6 15. f4 Bg4 16. Re1 Qf6 17. Nd5 Qd8 18. f5 f6 19. Bc4 Kh8 20. Qf4 Bh5 21. g4 Bf7 22. h4 Ne5 23. Bb3 c6 24. Ne3 Bxb3 25. axb3 a5 26. g5 fxg5 27. hxg5 Nf7 28. gxh6 Qg5 29. hxg7+ Kg8 30. Rh8+ Kxg7 31. f6+ Kg6 32. Qf5+ Qxf5 33. exf5+ Kg5 34. Rh7 Ne5 35. f7 Rf8 36. Rg1+ Kf6 37. Rh6+ Ke7 38. f6+ Ke6 39. Ng2 Rxf7 40. Nf4+ Kd7 41. c4 Raf8 42. Nh5 b6 43. Kc2 Ke6 44. Kc3 d5 45. cxd5+ cxd5 46. Nf4+ Kd6 47. Rd1 Rc8+ 48. Kd2 Ng4 49. Rh4 Nxf6 50. Rf1 Ne4+ 51. Ke3 Re8 52. Rh6+ Kc5 53. Nd3+ Kb5 54. Rxf7 Ng5+ 55. Kd4 Nxf7 56. Rf6 Nd8 57. Kxd5 Nb7 58. Ne5 Nc5 59. Nc4 Rd8+ 60. Ke5 Nd7+ 61. Ke6 Nxf6 62. Kxf6 Rc8 63. Nd6+ Kb4 64. Nxc8 b5 65. Nd6 Kxb3 66. Nxb5 Kxb2 67. Ke5 Kb3 68. Kd5 Kb4 69. Kc6 a4 70. Kb6 a3 71. Nxa3 1/2-1/2

[Event "December 12 Early 2023"]
[Site "https://www.chess.com"]
[Date "2023.12.12"]
[Round "1"]
[White "Pourkashiyan, Atousa"]
[Black "Yuan, Qingyu"]
[Result "0-1"]
[Board "82"]
[TimeControl "180+1"]
[WhiteFideId "12502014"]
[BlackFideId "8609772"]
[WhiteElo "2436"]
[BlackElo "2776"]
[WhiteTeam "USA"]
[BlackTeam "CHN"]
[WhiteClock "0:01:35"]
[BlackClock "0:01:28"]

1. e4 e5 2. Nf3 Nc6 3. Bb5 Nf6 4. d3 Bc5 5. O-O Nd4 6. Nxd4 Bxd4 7. c3 Bb6 8. d4 O-O 9. dxe5 Nxe4 10. Bd3 d5 11. exd6 Nxd6 12. Bf4 Qf6 13. Qf3 Bd7 14. Nd2 Bc6 15. Qg3 Nf5 16. Bxf5 Qxf5 17. Bxc7 Bxc7 18. Qxc7 Qg5 19. Qg3 Qxd2 20. b3 Rad8 21. c4 h6 22. h3 Rfe8 23. Rad1 Qxa2 24. Rxd8 Rxd8 25. Re1 Qd2 26. Ra1 a6 27. Qe5 Qd4 0-1

[Event "December 12 Early 2023"]
[Site "https://www.chess.com"]
[Date "2023.12.12"]
[Round "1"]
[White "Budisavljevic, Luka"]
[Black "Gatterer, Florian"]
[Result "1/2-1/2"]
[Board "83"]
[TimeControl "180+1"]
[WhiteFideId "960047"]
[BlackFideId "811688"]
[WhiteElo "2774"]
[BlackElo "2436"]
[WhiteTeam "SRB"]
[BlackTeam "ITA"]
[WhiteClock "0:02:12"]
[BlackClock "0:01:48"]

1. d4 Nf6 2. Nf3 g6 3. c4 Bg7 4. Nc3 d5 5. h4 c5 6. dxc5 Qa5 7. cxd5 O-O 8. Bd2 Qxc5 9. e4 Ng4 10. Qe2 b6 11. Rc1 Ba6 12. Nb5 Bxb5 13. Qxb5 Qxf2+ 1/2-1/2

[Event "December 12 Early 2023"]
[Site "https://www.chess.com"]
[Date "2023.12.12"]
[Round "1"]
[White "Dmitrenko, Viktor"]
[Black "Lagarde, Maxime"]
[Result "0-1"]
[Board "84"]
[TimeControl "180+1"]
[WhiteFideId "14110270"]
[BlackFideId "662399"]
[WhiteElo "2431"]
[BlackElo "2770"]
[WhiteTeam "UKR"]
[BlackTeam "FRA"]
[WhiteClock "0:00:12"]
[BlackClock "0:02:03"]

1. d4 Nc6 2. Nf3 d6 3. e4 Nf6 4. Nc3 g6 5. h3 Bg7 6. Bg5 h6 7. Be3 a6 8. Qd2 b5 9. a3 Bb7 10. Bd3 e5 11. d5 Ne7 12. a4 b4 13. Ne2 a5 14. c3 c5 15. Bb5+ Kf8 16. Ng3 Kg8 17. O-O g5 18. cxb4 axb4 19. Nxe5 dxe5 20. Bxc5 Ng6 21. Bxb4 Bf8 22. Rfe1 Nf4 23. Nf5 Bc8 24. Ng3 h5 25. Bc3 Bd6 26. Bc6 Ra7 27. b4 h4 28. Nf1 g4 29. hxg4 Bxg4 30. Nh2 Bc8 31. b5 Rh7 32. a5 Rg7 33. Kh1 Nxg2 34. Rg1 Nxe4 35. Qd3 Nxf2# 0-1

[Event "December 12 Early 2023"]
[Site "https://www.chess.com"]
[Date "2023.12.12"]
[Round "1"]
[White "Mamedov, Edgar"]
[Black "Goldin, Roman"]
[Result "1-0"]
[Board "85"]
[TimeControl "180+1"]
[WhiteFideId "13739980"]
[BlackFideId "2803860"]
[WhiteElo "2769"]
[BlackElo "2431"]
[WhiteTeam "KAZ"]
[BlackTeam "ISR"]
[WhiteClock "0:00:04"]
[BlackClock "0:00:00"]

1. d4 Nf6 2. Bg5 d5 3. Nd2 e6 4. e3 c5 5. c3 Nc6 6. Bd3 Be7 7. f4 Nd7 8. Ngf3 f6 9. Bh4 e5 10. fxe5 fxe5 11. Ng5 e4 12. O-O Nf6 13. Bb5 O-O 14. Nb3 c4 15. Nc5 Bxc5 16. dxc5 Bg4 17. Qd2 Ne5 18. h3 Bc8 19. Bg3 Nd3 20. Bd6 h6 21. Bxf8 Qxf8 22. Nxe4 dxe4 23. Bxc4+ Kh8 24. Bxd3 exd3 25. Qxd3 Qxc5 26. Qd4 Qg5 27. Kh2 Be6 28. a4 Bd5 29. Rf2 Re8 30. Qf4 Rxe3 31. Qxg5 hxg5 32. a5 a6 33. Rd2 Bc6 34. Rf1 Nd5 35. Kg1 Nf4 36. Rff2 Re1+ 37. Kh2 Rb1 38. Kg3 Kh7 39. Kg4 Ng6 40. Kxg5 Ne5 41. Kf5 Nc4 42. Rd4 Nxa5 43. Ke6 1-0

[Event "December 12 Early 2023"]
[Site "https://www.chess.com"]
[Date "2023.12.12"]
[Round "1"]
[White "Horcajuelo Rocamora, Martin"]
[Black "Bazyrtsyrenov, Kirill"]
[Result "1-0"]
[Board "86"]
[TimeControl "180+1"]
[WhiteFideId "24573027"]
[BlackFideId "24215872"]
[WhiteElo "2429"]
[BlackElo "2759"]
[WhiteTeam "ESP"]
[BlackTeam "RUS"]
[WhiteClock "0:01:42"]
[BlackClock "0:00:00"]

1. e4 c5 2. Nf3 g6 3. d4 cxd4 4. Nxd4 Bg7 5. c4 Nc6 6. Be3 Nf6 7. Nc3 d6 8. Be2 O-O 9. O-O Bd7 10. Qd2 Nxd4 11. Bxd4 a5 12. f3 Bc6 13. Rfd1 Nd7 14. Bxg7 Kxg7 15. Qd4+ Kg8 16. b3 Qb6 17. Kf2 Qxd4+ 18. Rxd4 Nc5 19. Rb1 f5 20. exf5 Rxf5 21. a3 g5 22. b4 Ne6 23. Rd2 axb4 24. axb4 Ra3 25. Rc1 Kg7 26. b5 1-0

[Event "December 12 Early 2023"]
[Site "https://www.chess.com"]
[Date "2023.12.12"]
[Round "1"]
[White "Weetik, Vjacheslav"]
[Black "Hoffmann, Asa"]
[Result "1-0"]
[Board "87"]
[TimeControl "180+1"]
[WhiteFideId "4153472"]
[BlackFideId "2001470"]
[WhiteElo "2757"]
[BlackElo "2428"]
[WhiteTeam "RUS"]
[BlackTeam "USA"]
[WhiteClock "0:00:10"]
[BlackClock "0:00:51"]

1. e4 d6 2. d4 c6 3. Nc3 a6 4. a4 Nf6 5. Nf3 Bg4 6. Be2 e6 7. h3 Bh5 8. O-O d5 9. e5 Nfd7 10. Ng5 Bg6 11. f4 Be7 12. Be3 h6 13. Nxe6 fxe6 14. Bh5 Bf7 15. Bxf7+ Kxf7 16. f5 Kg8 17. Qh5 Nf8 18. fxe6 g6 19. Qg4 Bg5 20. Bxg5 Qxg5 21. Qxg5 hxg5 22. e7 Nbd7 23. exf8=Q+ Nxf8 24. Rf6 Re8 25. a5 Ne6 26. Rxg6+ Kh7 27. Rf6 Nxd4 28. Rf7+ Kg6 29. Rxb7 Nxc2 30. Rf1 Rhf8 31. Rxf8 Rxf8 32. Rb6 Kf5 33. Rxc6 Kxe5 34. Rxa6 Rb8 35. Rb6 Ra8 36. a6 d4 37. Nd1 Kd5 38. b4 d3 39. b5 Nd4 40. Rg6 Ne6 41. Kf2 Rb8 42. Ke3 Rxb5 43. Nc3+ Kc4 44. Nxb5 Kxb5 45. Rxe6 1-0

[Event "December 12 Early 2023"]
[Site "https://www.chess.com"]
[Date "2023.12.12"]
[Round "1"]
[White "Foerster-Yialamas, Lucas"]
[Black "Samunenkov, Ihor"]
[Result "1-0"]
[Board "88"]
[TimeControl "180+1"]
[WhiteFideId "30901774"]
[BlackFideId "14187086"]
[WhiteElo "2428"]
[BlackElo "2757"]
[WhiteTeam "GER"]
[BlackTeam "UKR"]
[WhiteClock "0:00:37"]
[BlackClock "0:00:02"]

1. e4 c6 2. d4 d5 3. e5 Bf5 4. Nf3 e6 5. Bd3 Bxd3 6. Qxd3 c5 7. O-O Nc6 8. Bg5 Qb6 9. Nc3 cxd4 10. Ne2 Bc5 11. a3 Nh6 12. Bxh6 gxh6 13. b4 Be7 14. Nexd4 Nxd4 15. Nxd4 Rc8 16. f4 Rc4 17. c3 Kd7 18. f5 Rhc8 19. fxe6+ fxe6 20. Rac1 a5 21. Rf7 Rxd4 22. Rxe7+ Kd8 23. Rxe6 Rxd3+ 24. Rxb6 axb4 25. axb4 Rdxc3 26. Rxc3 Rxc3 27. Rxb7 Rc2 28. Rxh7 d4 29. Rxh6 Ke7 30. Rd6 Rd2 31. h4 d3 32. h5 Kf7 33. h6 Kg8 34. g4 Kh7 35. g5 Re2 36. Rxd3 Rxe5 37. Kf2 Rxg5 38. Rb3 Rb5 39. Ke3 Kxh6 40. Kd4 Kg6 41. Kc4 Rb8 42. b5 Kf6 43. Kd5 Ke7 44. Kc6 Rc8+ 45. Kb7 Rc1 46. b6 Rd1 47. Ka7 Ra1+ 48. Kb8 Rd1 49. b7 Kd7 50. Ra3 Rb1 51. Ka7 Kc7 52. Rc3+ Kd7 53. b8=Q Ra1+ 54. Kb7 Rb1+ 55. Ka8 Ra1+ 56. Qa7+ 1-0

[Event "December 12 Early 2023"]
[Site "https://www.chess.com"]
[Date "2023.12.12"]
[Round "1"]
[White "Gabrielian, Artur"]
[Black "Porozhnyak, Maya"]
[Result "1-0"]
[Board "89"]
[TimeControl "180+1"]
[WhiteFideId "4131002"]
[BlackFideId "34115843"]
[WhiteElo "2756"]
[BlackElo "2424"]
[WhiteTeam "RUS"]
[BlackTeam "RUS"]
[WhiteClock "0:01:25"]
[BlackClock "0:00:18"]

1. e4 c5 2. Nf3 e6 3. Nc3 a6 4. d4 cxd4 5. Nxd4 Qc7 6. Bd3 Bb4 7. O-O Bxc3 8. bxc3 Qxc3 9. Be3 Nf6 10. Qf3 Qc7 11. Rae1 Nc6 12. Nxc6 dxc6 13. Bd4 e5 14. Qg3 Nh5 15. Qxe5+ Qxe5 16. Bxe5 O-O 17. f4 Be6 18. a4 f6 19. Bd6 Rfd8 20. e5 f5 21. a5 Rac8 22. Rb1 Rd7 23. Rb6 g6 24. g3 Bd5 25. c4 Bf7 26. c5 Ng7 27. Rfb1 Ne6 28. Rxb7 Rcd8 29. Rxd7 Rxd7 30. Bxa6 Ra7 31. Rb6 Nd4 32. Kf2 Bd5 33. Ke3 Ne6 34. Rb8+ Kg7 35. Rb7+ Rxb7 36. Bxb7 Bc4 37. a6 Bxa6 38. Bxa6 h6 39. Bc4 Nd8 40. Bc7 Nb7 41. Bb6 g5 42. Ba6 Nxc5 43. Bxc5 gxf4+ 44. Kxf4 Kg6 45. Bd3 h5 46. Bxf5+ Kf7 47. Kg5 h4 48. gxh4 Ke8 49. Kf6 Kd8 50. Bd6 Ke8 51. h5 1-0

[Event "December 12 Early 2023"]
[Site "https://www.chess.com"]
[Date "2023.12.12"]
[Round "1"]
[White "Begunov, Konstantin"]
[Black "Goh, Wei Ming Kevin"]
[Result "0-1"]
[Board "90"]
[TimeControl "180+1"]
[WhiteFideId "4118510"]
[BlackFideId "5800706"]
[WhiteElo "2423"]
[BlackElo "2756"]
[WhiteTeam "RUS"]
[BlackTeam "SGP"]
[WhiteClock "0:00:11"]
[BlackClock "0:01:50"]

1. d4 Nf6 2. c4 e6 3. Nf3 c5 4. Nc3 cxd4 5. Nxd4 Nc6 6. g3 Qb6 7. Nc2 Bc5 8. e3 O-O 9. Bg2 Ne5 10. b3 Qc7 11. O-O a6 12. Bb2 Rb8 13. Rc1 b6 14. Na4 Be7 15. Qd4 d6 16. Rfd1 Bd7 17. Nc3 Bc6 18. e4 Rfd8 19. Ne3 Ba8 20. h3 Rbc8 21. Kh2 Qb8 22. Na4 b5 23. cxb5 axb5 24. Nb6 Rxc1 25. Rxc1 Nc6 26. Rxc6 Bxc6 27. a4 e5 28. Qb4 Qxb6 29. Nc4 Qxf2 0-1

[Event "December 12 Early 2023"]
[Site "https://www.chess.com"]
[Date "2023.12.12"]
[Round "1"]
[White "Gormally, Daniel W"]
[Black "Latorre, Vincent"]
[Result "1-0"]
[Board "91"]
[TimeControl "180+1"]
[WhiteFideId "406465"]
[BlackFideId "2636891"]
[WhiteElo "2754"]
[BlackElo "2423"]
[WhiteTeam "ENG"]
[BlackTeam "CAN"]
[WhiteClock "0:01:41"]
[BlackClock "0:00:00"]

1. d4 Nf6 2. c4 g6 3. Nc3 Bg7 4. e4 d6 5. f3 O-O 6. Bg5 h6 7. Be3 c5 8. d5 e6 9. Qd2 exd5 10. cxd5 h5 11. Bd3 a6 12. a4 Nbd7 13. Nh3 Ne5 14. Nf2 h4 15. Be2 Nh7 16. f4 Nd7 17. O-O f5 18. exf5 gxf5 19. Bf3 Re8 20. Kh1 Ndf6 21. Nh3 Ng4 22. Bg1 Nhf6 23. Ng5 Bd7 24. h3 Nh6 25. Ne6 Bxe6 26. dxe6 Rxe6 27. Bxb7 Rb8 28. Bxa6 Kh7 29. Rae1 Rxe1 30. Rxe1 Qb6 31. Bb5 Qc7 32. Re6 d5 33. Rc6 Qe7 34. Bxc5 1-0

[Event "December 12 Early 2023"]
[Site "https://www.chess.com"]
[Date "2023.12.12"]
[Round "1"]
[White "Sahin, Sarp"]
[Black "Haug, Havard"]
[Result "0-1"]
[Board "92"]
[TimeControl "180+1"]
[WhiteFideId "51605066"]
[BlackFideId "1547887"]
[WhiteElo "2421"]
[BlackElo "2751"]
[WhiteTeam "TUR"]
[BlackTeam "NOR"]
[WhiteClock "0:00:02"]
[BlackClock "0:00:39"]

1. e4 c6 2. Nc3 d5 3. Nf3 dxe4 4. Nxe4 Nf6 5. Qe2 Na6 6. Nxf6+ gxf6 7. d4 Qd5 8. Be3 Bg4 9. h3 Bxf3 10. Qxf3 Qxf3 11. gxf3 Nc7 12. c4 O-O-O 13. O-O-O e5 14. dxe5 Rxd1+ 15. Kxd1 fxe5 16. Bxa7 c5 17. Bb6 Ne6 18. Bd3 Nd4 19. Ba5 Bh6 20. Bc3 Nxf3 21. Ke2 Nd4+ 22. Bxd4 exd4 23. Re1 Kd7 24. Kf3 Bg5 25. Re5 Be7 26. Bf5+ Kd6 27. Rd5+ Kc6 28. Be4 Kc7 29. Re5 Kd6 30. Rd5+ Ke6 31. Bf5+ Kf6 32. Be4 Ra8 33. a3 h6 34. Rd7 Ra4 35. Bd5 b6 36. Rb7 Ra6 37. Ke4 b5 38. cxb5 Rd6 39. a4 d3 40. a5 Rxd5 41. Kxd5 d2 42. a6 d1=Q+ 43. Kc4 Qd4+ 44. Kb3 c4+ 45. Ka2 c3 46. b3 Qd2+ 47. Ka1 c2 48. Rb6+ Kg7 49. Rg6+ fxg6 50. a7 Qc3+ 51. Ka2 c1=N+ 52. Kb1 Nxb3 53. Ka2 Nd2 54. a8=Q Qb3+ 55. Ka1 Qc3+ 56. Ka2 Qb3+ 57. Ka1 Qb1# 0-1